AoeStats
← demultiplexor

Arena

510144996Analyzed
3v3 RM · 3d ago on Sep 29, 2026· 59m 8s· 6 players
Game mode
Random Map
Map size
Normal (6 player)
Population
200
Speed
Normal
Resources
Standard
Victory
Conquest
Starting age
Dark Age
Ending age
Imperial Age
RankedLock teamsTeams togetherTeam positionsShared explorationLock speedFull tech treeHidden civsTurbo modeCheats
Victory
Defeat
🇬🇧 Celts · United Kingdom
771
+18
🇹🇷 Teutons · Türkiye
748
+19
🇮🇹 Saxons · Italy
742
+19
🇨🇿 Khmer · Czechia
814
-19
🇨🇿 Romans · Czechia
813
-19
🇨🇿 Bohemians · Czechia
807
-18
Bummo
3:12 Loom
11:09 Feudal Age
11:46 Double-Bit Axe
12:47 Fletching
14:39 Horse Collar
17:02 Wheelbarrow
21:28 Castle Age
20:47 Forging
20:38 Scale Mail Armor
20:31 Gold Mining
21:26 Stone Mining
22:13 Pikeman
23:19 Chain Mail Armor
23:11 Heavy Plow
25:41 Gambesons
26:40 Bow Saw
27:37 Stone Shaft Mining
29:38 Iron Casting
31:25 Fortified Wall
31:50 Hand Cart
34:30 Masonry
36:56 Imperial Age
36:02 Ballistics
38:07 Gold Shaft Mining
39:18 Blast Furnace
38:58 Caravan
39:44 Siege Engineers
40:52 Onager
41:25 Halberdier
44:07 Plate Mail Armor
43:26 Elite Woad Raider
44:28 Conscription
50:38 Bodkin Arrow
55:41 Town Watch
Norbert PICIGETO Foster
12:01 Feudal Age
13:45 Double-Bit Axe
13:45 Horse Collar
17:35 Castle Age
21:38 Fortified Wall
21:43 Masonry
21:54 Gold Mining
22:23 Bow Saw
22:30 Heavy Plow
24:59 Stone Mining
25:14 Town Watch
27:13 Wheelbarrow
28:31 Hand Cart
28:58 Stone Shaft Mining
29:27 Town Patrol
31:13 Ballistics
31:14 Forging
31:08 Scale Mail Armor
35:07 Imperial Age
32:39 Gambesons
32:55 Squires
32:43 Arson
35:07 Iron Casting
34:34 Loom
40:10 Blast Furnace
39:58 Caravan
41:15 Hoardings
42:46 Conscription
44:15 Cavalier
45:31 Scale Barding Armor
47:29 Chemistry
46:37 Siege Engineers
46:18 Arrowslits
50:10 Crop Rotation
52:10 Elite Teutonic Knight
54:45 Two-Man Saw
53:47 Paladin
55:55 Crenellations
55:57 Ironclad
56:04 Bloodlines
56:25 Chain Barding Armor
riczoc
3:47 Loom
13:22 Feudal Age
14:22 Horse Collar
14:31 Double-Bit Axe
14:50 Man-at-Arms
15:29 Gold Mining
15:35 Stone Mining
23:19 Castle Age
22:08 Forging
22:21 Arson
22:39 Scale Mail Armor
23:53 Pikeman
24:16 Long Swordsman
25:19 Heavy Plow
25:17 Gambesons
25:39 Squires
29:35 Bow Saw
31:40 Iron Casting
32:11 Ballistics
32:17 Ballistics
35:19 Caravan
35:35 Murder Holes
37:04 Wheelbarrow
37:12 Fletching
40:27 Imperial Age
38:34 Fortified Wall
38:36 Bodkin Arrow
39:14 Masonry
39:22 Padded Archer Armor
40:33 Shield Wall
41:34 Hand Cart
41:52 Crop Rotation
41:53 Conscription
41:02 Two-Handed Swordsman
42:46 Chain Mail Armor
42:53 Elite Varangian Guard
43:18 Elite Varangian Guard
45:03 Plate Mail Armor
44:03 Elite Hearth Troop
45:38 Champion
47:41 Architecture
47:55 Bracer
49:51 Leather Archer Armor
50:35 Hoardings
54:02 Ring Archer Armor
58:00 Town Watch
demultiplexor
6:16 Loom
11:53 Feudal Age
12:45 Double-Bit Axe
12:42 Horse Collar
17:16 Castle Age
18:04 Wheelbarrow
18:23 Bow Saw
18:59 Heavy Plow
23:12 Wagenburg Tactics
26:34 Pikeman
27:14 Squires
27:35 Fervor
28:51 Chemistry
28:48 Forging
28:38 Scale Mail Armor
28:29 Fletching
31:37 Chain Mail Armor
31:57 Iron Casting
31:23 Padded Archer Armor
34:42 Leather Archer Armor
34:23 Bodkin Arrow
37:49 Imperial Age
38:43 Ballistics
38:19 Murder Holes
39:29 Conscription
40:49 Blast Furnace
40:20 Plate Mail Armor
40:45 Bracer
41:16 Ring Archer Armor
41:26 Halberdier
43:41 Caravan
45:37 Elite Hussite Wagon
49:59 Arson
54:43 Houfnice
TomasJ
12:01 Feudal Age
17:02 Castle Age
15:04 Horse Collar
15:23 Double-Bit Axe
18:18 Bow Saw
19:31 Loom
19:53 Man-at-Arms
22:14 Forging
22:06 Scale Mail Armor
22:44 Wheelbarrow
23:02 Long Swordsman
23:45 Squires
23:09 Pikeman
26:26 Hand Cart
25:58 Town Watch
39:07 Caravan
41:59 Imperial Age
44:43 Conscription
46:07 Legionary
lukasus
8:18 Loom
10:47 Feudal Age
11:27 Double-Bit Axe
11:25 Horse Collar
13:15 Wheelbarrow
12:26 Town Watch
15:41 Gold Mining
17:00 Bloodlines
17:44 Scale Barding Armor
18:52 Stone Mining
21:14 Forging
22:48 Fletching
23:00 Padded Archer Armor
25:34 Castle Age
25:53 Scale Mail Armor
25:53 Elite Skirmisher
26:00 Pikeman
26:47 Husbandry
28:56 Tusk Swords
29:43 Bow Saw
31:35 Chain Barding Armor
32:04 Iron Casting
31:48 Chain Mail Armor
34:20 Town Patrol
34:36 Hand Cart
39:15 Light Cavalry
42:52 Imperial Age
45:06 Conscription
44:08 Elite Ballista Elephant
44:51 Double Crossbow
45:28 Hoardings
45:40 Plate Barding Armor
45:21 Caravan
48:15 Parthian Tactics
47:30 Heavy Cavalry Archer
48:30 Elite Battle Elephant
49:08 Hussar
49:43 Halberdier
51:52 Coinage
55:10 Man-at-Arms
Connection lost

Rejoining the realm…

Still unreachable

The connection could not be restored.

Session expired

The server has moved on; the page needs a fresh start.